 Dungeon Crawl Stone Soup version 0.30.1-11-g7821555f0a (webtiles) character file.

Game seed: 1904179797321447769

502 Curundu the Slasher (level 6, 0/56 HPs)
             Began as a Minotaur Berserker on Jan 1, 2024.
             Was a Priest of Trog.
             Slain by a scorpion (4 damage)
             ... on level 5 of the Dungeon.
             The game lasted 00:13:12 (4317 turns).

Curundu the Slasher (Minotaur Berserker)            Turns: 4317, Time: 00:13:12

Health: 0/56       AC:  8    Str: 23    XL:     6   Next: 95%
Magic:  5/5        EV: 10    Int:  4    God:    Trog [***...]
Gold:   204        SH:  3    Dex: 10    Spells: 5/5 levels left

rFire   . . .        t - +3 dagger
rCold   . . .        g - +0 buckler
rNeg    . . .        x - +0 scale mail
rPois   .            (helmet restricted)
rElec   .            f - +0 cloak
rCorr   .            (no gloves)
SInv    .            (no boots)
Will    .....        (no amulet) Stlth
                     (no ring)
HPRegen 0.29/turn    (no ring)
MPRegen 0.09/turn

%: no passive effects
@: lethally poisoned (0 -> -5)
A: horns 2, retaliatory headbutt
a: Renounce Religion, Berserk, Trog's Hand


You were on level 5 of the Dungeon.
You worshipped Trog.
Trog was most pleased with you.
You visited 1 branch of the dungeon, and saw 5 of its levels.

You collected 204 gold pieces.

Inventory:

Hand Weapons
 t - a +3 dagger (weapon)
Missiles
 v - 11 poisoned darts (quivered)
Armour
 f - a +0 cloak (worn)
 g - a +0 buckler (worn)
 x - a +0 scale mail (worn)
Wands
 m - a wand of flame (17)
 u - a wand of quicksilver (5)
Scrolls
 a - a scroll of fear {unknown}
 b - 2 scrolls of fog {unknown}
 c - a scroll of summoning {unknown}
 d - a scroll of brand weapon {unknown}
 e - a scroll of enchant weapon {unknown}
 k - a scroll of enchant armour {unknown}
 l - a scroll of blinking {unknown}
 o - 3 scrolls of amnesia {unknown}
 p - a scroll of vulnerability {unknown}
 q - a scroll of teleportation {unknown}
 y - a scroll of identify {unknown}
Potions
 h - a potion of brilliance {unknown}
 i - a potion of invisibility {unknown}
 j - 3 potions of heal wounds {unknown}
 n - a potion of might {unknown}
 r - 2 potions of curing {unknown}
 s - a potion of resistance {unknown}
 w - a potion of degeneration {unknown}
 z - a potion of mutation {unknown}


   Skills:
 + Level 5.0 Fighting
 + Level 1.7(3.7) Short Blades
 + Level 5.7(5.9) Long Blades
 + Level 0.2 Throwing
 + Level 5.1 Armour
 + Level 3.9 Dodging
 + Level 0.1 Stealth
 + Level 1.8 Shields


You had 5 spell levels left.
You didn't know any spells.
Your spell library was empty.

Dungeon Overview and Level Annotations

Branches:
Dungeon (5/15)             Temple (0/1) D:4

Altars:
Dithmenos
Elyvilon
Okawaru
Trog

Shops:
D:2 [   D:3 =   D:4 [


Innate Abilities, Weirdness & Mutations

You have a pair of horns on your head.
You reflexively headbutt those who attack you in melee.


Message History

The scorpion completely misses you. The gnoll barely misses you.
You hit the scorpion.
The scorpion is lightly wounded.
The scorpion stings you.
You are poisoned.
The scorpion poisons you! The gnoll hits you but does no damage.
You hit the scorpion but do no damage.
The scorpion is lightly wounded.
You feel sick. The scorpion misses you.
The gnoll hits you from afar with a +0 halberd!
You hit the scorpion but do no damage.
The scorpion is lightly wounded.
You feel sick. The scorpion stings you.
You are more poisoned.
The scorpion poisons you!
The gnoll hits you from afar with a +0 halberd!
You barely miss the scorpion.
The scorpion is lightly wounded.
You feel very sick.
The scorpion stings you but does no damage.
You hit the scorpion. You headbutt the scorpion!
The scorpion is severely wounded.
You feel very sick. The gnoll barely misses you.
The scorpion closely misses you.
You hit the scorpion.
The scorpion is severely wounded.
You feel sick. The scorpion closely misses you. The gnoll closely misses you.
The gnoll barely misses you.
You barely miss the scorpion. Your headbutt misses the scorpion.
The scorpion is severely wounded.
You feel sick.
The scorpion stings you but does no damage.
The gnoll hits you from afar with a +0 spear.
The gnoll hits you from afar with a +0 halberd!
* * * LOW HITPOINT WARNING * * *
You hit the scorpion but do no damage.
The scorpion is severely wounded.
* * * LOW HITPOINT WARNING * * *
You feel sick. The scorpion stings you.
You die...

#. ## .#
#. ..#.
.#. .. #.
##.##
#.##g.....
#.@sg....#
#.####...#
#. # ##


You could see a scorpion and 2 gnolls.

Vanquished Creatures
  Menkaure (D:4)
  2 scorpions (D:4)
  A bullfrog (D:3)
  Jessica (D:3)
  An iguana (D:4)
  Robin (D:2)
  3 adders
  3 worms (D:2)
  2 dart slugs
  An orc (D:5)
  4 bats
  10 endoplasms
  6 giant cockroaches
  4 hobgoblins
  4 jackals (D:2)
  4 quokkas
  7 ball pythons
  3 frilled lizards
  16 goblins
  11 kobolds
  7 rats
92 creatures vanquished.

Vanquished Creatures (others)
  A goblin (D:2)
1 creature vanquished.

Grand Total: 93 creatures vanquished

Notes
Turn   | Place    | Note
-------+----------+-------------------------------------------
     0 | D:1      | Curundu the Minotaur Berserker began the quest for the Orb.
     0 | D:1      | Reached XP level 1. HP: 19/19 MP: 0/0
   196 | D:1      | Reached XP level 2. HP: 26/27 MP: 1/1
  1145 | D:2      | Reached XP level 3. HP: 25/33 MP: 2/2
  1617 | D:2      | Reached ** piety under Trog
  1647 | D:2      | Found Dor Loum's Antique Armour Shop.
  1784 | D:2      | Reached skill level 5 in Long Blades
  1786 | D:2      | Reached XP level 4. HP: 33/41 MP: 3/3
  1897 | D:2      | Noticed Robin
  1926 | D:2      | Killed Robin
  2702 | D:3      | Found Zaeso's Jewellery Emporium.
  2771 | D:3      | Noticed Jessica
  2777 | D:3      | Killed Jessica
  2778 | D:3      | Reached XP level 5. HP: 47/47 MP: 4/4
  2809 | D:3      | Found an iron altar of Okawaru.
  2902 | D:3      | Reached *** piety under Trog
  3044 | D:3      | Found a white marble altar of Elyvilon.
  3083 | D:3      | Found a shadowy altar of Dithmenos.
  3467 | D:4      | Reached XP level 6. HP: 41/53 MP: 5/5
  3515 | D:4      | Found a bloodstained altar of Trog.
  3527 | D:4      | Reached skill level 1 in Short Blades
  3527 | D:4      | Reached skill level 1 in Shields
  3652 | D:4      | Found Casoad's Armour Shoppe.
  3763 | D:4      | Found a staircase to the Ecumenical Temple.
  3987 | D:4      | Noticed Menkaure
  4002 | D:4      | Killed Menkaure
  4003 | D:4      | Reached skill level 5 in Armour
  4303 | D:5      | Entered Level 5 of the Dungeon
  4309 | D:5      | Reached skill level 5 in Fighting
  4317 | D:5      | Slain by a scorpion

Illustrated notes

Levels and vault maps discovered:
D:1:      onia_arrival_pentagram, layout_basic, wad_floor_pattern_untrapped,
          st_stairs_8, chequers_serial_rivers_room_b
D:2:      kb_forest_paths, layout_loops_cross, serial_shops, shop,
          serial_rivers, chequers_serial_rivers_micro_d,
          chequers_serial_rivers_small_3, chequers_serial_rivers_small_3,
          chequers_serial_rivers_small_a, chequers_serial_rivers_small_b,
          chequers_serial_rivers_micro_b, uniq_robin
D:3:      layout_loops_ring, mainiacjoe_overflow_24_doors,
          mainiacjoe_overflow_two_lobes, serial_shops, shop, uniq_jessica
D:4:      layout_loops_ring, mainiacjoe_overflow_cross_hatched, temple_doors_ab,
          serial_shops, shop, serial_glass, glass_columns_a, glass_columns_c,
          uniq_menkaure
D:5:      layout_loops_cross, uniq_eustachio, uniq_prince_ribbit1

Skill      XL: |  1  2  3  4  5  6 |
---------------+-------------------+-----
Long Blades    | 4 5 |  5.7
Fighting       | 4 5 |  5.0
Armour         | 3 4 5 |  5.1
Dodging        | 3 |  3.9
Short Blades   | 1 |  1.7
Shields        | 1 |  1.8
Throwing       | |  0.2
Stealth        | |  0.1

Action                     |  1- 3 |  4- 6 || total
---------------------------+-------+-------++-------
  Melee: Falchion          |   109 |    39 ||   148
         Headbutt          |    17 |    16 ||    33
         Dagger            |       |   109 ||   109
  Throw: Dart              |       |     6 ||     6
 Invoke: Trog's Hand       |       |     5 ||     5
 Armour: Animal skin       |     8 |       ||     8
         Ring mail         |    17 |    20 ||    37
         Scale mail        |       |    27 ||    27
  Dodge: Dodged            |    61 |    70 ||   131
  Block: Buckler           |    11 |    17 ||    28
